 Dungeon Crawl Stone Soup version 0.17-a0-1954-g0dddeaa (webtiles) character file.

8232 4thArraOfDagon the Martial Artist (level 11, -9/100 HPs)
             Began as an Octopode Monk on Oct 3, 2015.
             Was a High Priest of Cheibriados.
             Killed from afar by Roxanne (60 damage)
             ... with a crystal spear
             ... on level 14 of the Dungeon on Oct 4, 2015.
             The game lasted 00:24:59 (4636 turns).

4thArraOfDagon the Martial Artist (Octopode Monk)   Turns: 4636, Time: 00:25:00

Health: -9/100     AC: 28    Str: 29    XL:     11   Next: 27%
Magic:  25/25      EV:  2    Int: 28    God:    Cheibriados [*****.]
Gold:   569        SH: 15    Dex: 37    Spells: 0 memorised, 10 levels left

rFire  . . .     SeeInvis .       - Unarmed
rCold  . . .     Clarity  .     d - +1 shield
rNeg   + + +     SustAt   .     (helmet currently unavailable)
rPois  +         Gourm    .     (no amulet)
rElec  .         Spirit   .     k - +3 ring of protection
rCorr  .         Warding  .     x - +5 ring of dexterity
rMut   .         NoTele   +     e - ring of magical power
MR     .....                    (no ring)
Stlth  +++++++++.               (no ring)
                                (no ring)
                                (no ring)
                                (no ring)

@: mighty, agile, tree-form, very slightly contaminated, very slow, not
resistant to hostile enchantments, incredibly stealthy
A: almost no armour, amphibious, 8 rings, (constrict 8), (camouflage 0), frail
1, mutation resistance 1, strong 1, (gelatinous body 0)
a: Bend Time, Temporal Distortion, Slouch, Step From Time, Renounce Religion


You were on level 14 of the Dungeon.
You worshipped Cheibriados.
Cheibriados was extremely pleased with you.
You were not hungry.
You were a tree.
You visited 1 branch of the dungeon, and saw 15 of its levels.
You also visited: Ossuary.

You collected 569 gold pieces.

Inventory:

Hand weapons
 j - a +0 blowgun
Missiles
 y - 3 javelins (quivered)
 A - 11 poisoned needles
Armour
 d - a +1 shield (worn)
Jewellery
 e - a ring of magical power (on tentacle)
 k - a +3 ring of protection (left branch)
 x - a +5 ring of dexterity (right branch)
Magical devices
 w - a wand of random effects (39)
 B - a wand of polymorph (9)
 F - a wand of enslavement (13)
 H - a wand of digging (18)
Scrolls
 f - a scroll of random uselessness
 l - 2 scrolls of fear
 o - 3 scrolls of remove curse
 t - 3 scrolls of amnesia
 v - 2 scrolls of noise
 C - a scroll of enchant armour
 D - 2 scrolls of teleportation
 E - a scroll of magic mapping
 G - a scroll of vulnerability {unknown}
Potions
 g - 4 potions of flight
 h - 2 potions of brilliance
 n - a potion of might
 p - 3 potions of agility
 q - 2 potions of magic
 r - 2 potions of haste
 s - 2 potions of curing
Books
 z - a book of Callings

   Spells                             Type                      Level
   a - Summon Small Mammal            Summoning                    1
   b - Call Imp                       Summoning                    2
   c - Call Canine Familiar           Summoning                    3
   d - Summon Guardian Golem          Hexes/Summoning              3
   e - Summon Lightning Spire         Summoning/Air                4
   f - Summon Ice Beast               Ice/Summoning                4
Comestibles
 a - 9 bread rations
 b - 2 chunks of flesh
 i - 5 meat rations
 u - 4 fruits
 I - a royal jelly


   Skills:
 + Level 7.5 Fighting
 + Level 7.0 Dodging
 + Level 9.7 Stealth
 + Level 6.1 Shields
 * Level 10.1 Unarmed Combat
 + Level 7.0 Invocations


You had 10 spell levels left.
You didn't know any spells.

Dungeon Overview and Level Annotations

Branches:
Dungeon (15/15)            Temple (0/1) D:7            Lair (0/8) D:8
    Orc (0/4) D:10
 Vaults: D:13-14     Depths: D:15

Altars:
Cheibriados
Gozag
Kikubaaqudgha
Makhleb
Sif Muna
Trog
Vehumet
Yredelemnul

Shops:
D:14 }

Annotations:
D:3 Grinder
D:4 4thArraOfDagon's ghost, weakling NaBe
D:13 exclusion: ice statue
D:14 STATUE, exclusion: Roxanne, Roxanne


Innate Abilities, Weirdness & Mutations

You cannot wear most types of armour.
You are amphibious.
You can wear up to eight rings at the same time.
((You can use your tentacles to constrict eight enemies at once.))
((Your skin changes colour to match your surroundings (Stealth).))
((Your rubbery body absorbs attacks (AC +1).))
You are frail (-10% HP).
You are somewhat resistant to further mutation.
Your muscles are strong. (Str +2)


Message History

Roxanne mumbles some strange words.
Helpless, you fail to dodge the bolt of magma.
You pummel Roxanne!!
Roxanne is moderately damaged.
You thrash Roxanne!!!
Roxanne is heavily damaged.
You pummel Roxanne!!
Roxanne is severely damaged.
Roxanne mumbles some strange words.
The crystal spear hits you!
You hit Roxanne but do no damage.
Roxanne is severely damaged.
You smack Roxanne!
Roxanne is severely damaged.
You hit Roxanne but do no damage.
Roxanne is severely damaged.
Roxanne casts a spell.
The crystal spear hits you!
Ouch! That really hurt!
You die...

#############
#...........###########
#...........##.....<..(
+............#........(
#............#.....(...
#............#.........
#....?♣......).........
###..8.##'####.........
##...# ######'### ###..
#..# ###.# #.##
#####.## #.# #......#
#.# #......# #####'####
#......# #.........


You could see Roxanne.

Vanquished Creatures
  A centaur warrior (D:15)
  A hill giant (D:14)
  A wolf spider zombie (D:15)
  2 gargoyles (D:14)
  A centaur skeleton (D:14)
  A trapdoor spider zombie (D:14)
  A harpy skeleton (D:14)
  A trapdoor spider (D:13)
  A shadow (D:14)
  A hog (D:14)
  A wyvern (D:8)
  A deep elf mage (D:14)
  A hungry ghost (D:14)
  2 hippogriffs (D:9)
  2 vampire mosquitoes (D:15)
  2 wargs (D:8)
  2 soldier ants
  An orc warrior (D:14)
  A phantom (D:7)
  2 centaurs
  4 ice beasts
  An eye of draining (D:14)
  A sky beast (D:14)
  A wasp (D:14)
  2 big kobolds
  A gnoll sergeant (D:7)
  A water moccasin zombie (D:5)
  5 giant frogs
  A brain worm (D:15)
  A scorpion (D:10)
  A water moccasin skeleton (D:3)
  4 killer bees (D:12)
  2 crimson imps
  A giant frog zombie (D:5)
  A quasit (D:10)
  3 orc priests
  3 centaur zombies
  A hound (D:14)
  2 iguanas
  2 jellies
  11 worker ants
  9 orc wizards
  A killer bee zombie (D:9)
  2 big kobold zombies (Ossuary)
  2 hound zombies
  A hound skeleton (D:11)
  8 mummies (Ossuary)
  A worker ant zombie (D:7)
  3 gnolls (D:7)
  8 adders
  3 shadow imps
  A white imp (D:12)
  5 worms
  5 giant geckos
  11 orcs
  3 hobgoblins
  8 jackals
  6 bats
  6 giant cockroaches
  A giant gecko skeleton (D:7)
  A giant gecko zombie (D:7)
  A giant newt (D:2)
  A gnoll zombie (Ossuary)
  4 goblins
  A hobgoblin zombie (Ossuary)
  4 kobolds
  3 kobold zombies (Ossuary)
  An orc zombie (Ossuary)
  2 quokka skeletons
  3 rats (D:3)
  2 butterflies (D:10)
182 creatures vanquished.

Notes
Turn   | Place    | Note
--------------------------------------------------------------
     0 | D:1      | 4thArraOfDagon the Octopode Monk began the quest for the Orb.
     0 | D:1      | Reached XP level 1. HP: 16/16 MP: 1/1
   158 | D:2      | Reached XP level 2. HP: 10/21 MP: 2/2
   207 | D:3      | Noticed a water moccasin skeleton
   215 | D:3      | Killed a water moccasin skeleton
   215 | D:3      | Reached XP level 3. HP: 3/26 MP: 3/3
   215 | D:3      | Reached XP level 4. HP: 3/31 MP: 4/4
   227 | D:2      | Found an ancient bone altar of Kikubaaqudgha.
   253 | D:3      | Found a snail-covered altar of Cheibriados.
   261 | D:3      | Became a worshipper of Cheibriados the Contemplative
   261 | D:3      | Acquired Cheibriados's first power
   394 | D:3      | Reached skill level 5 in Unarmed Combat
   504 | D:2      | Found a burning altar of Makhleb.
   577 | D:3      | Reached XP level 5. HP: 23/36 MP: 5/5
   663 | D:3      | Noticed Grinder
   667 | D:3      | You fall through a shaft!
   767 | D:4      | Found a sand-covered staircase.
   773 | Ossuary  | Entered an ossuary
   856 | Ossuary  | Reached skill level 1 in Invocations
   912 | Ossuary  | Reached XP level 6. HP: 32/43 MP: 7/7
  1260 | D:4      | Noticed 4thArraOfDagon's ghost (weakling NaBe)
  1308 | D:4      | Gained mutation: Your muscles are strong. (Str +2) [potion of mutation]
  1308 | D:4      | Gained mutation: You are frail (-10% HP). [potion of mutation]
  1308 | D:4      | Gained mutation: You are somewhat resistant to further mutation. [potion of mutation]
  1338 | D:4      | Found a radiant altar of Vehumet.
  1340 | D:4      | Acquired Cheibriados's second power
  1404 | D:5      | Entered Level 5 of the Dungeon
  1408 | D:5      | Reached skill level 1 in Shields
  1495 | D:5      | Reached skill level 5 in Stealth
  1495 | D:5      | Reached XP level 7. HP: 15/44 MP: 8/8
  1665 | D:6      | Reached skill level 6 in Unarmed Combat
  1790 | D:7      | Found a deep blue altar of Sif Muna.
  1861 | D:7      | Noticed a hungry ghost
  1893 | D:7      | Reached XP level 8. HP: 32/48 MP: 10/10
  2006 | D:7      | Found a staircase to the Ecumenical Temple.
  2021 | D:7      | Acquired Cheibriados's third power
  2023 | D:7      | Reached skill level 5 in Fighting
  2274 | D:9      | Reached skill level 5 in Dodging
  2274 | D:9      | Reached skill level 7 in Unarmed Combat
  2354 | D:8      | Reached XP level 9. HP: 51/54 MP: 12/12
  2446 | D:8      | Found an opulent altar of Gozag.
  2454 | D:8      | Found a staircase to the Lair.
  2630 | D:9      | Reached skill level 5 in Invocations
  2645 | D:9      | Found a bloodstained altar of Trog.
  2740 | D:10     | Entered Level 10 of the Dungeon
  2834 | D:9      | Found an opulent altar of Gozag.
  2849 | D:9      | Found a basalt altar of Yredelemnul.
  2919 | D:10     | Acquired Cheibriados's fourth power
  2967 | D:10     | Found a runed door.
  2980 | D:10     | Noticed a hill giant
  2990 | D:10     | Found a runed door.
  3000 | D:10     | Reached skill level 8 in Unarmed Combat
  3073 | D:10     | Found a staircase to the Orcish Mines.
  3110 | D:10     | Found a basalt altar of Yredelemnul.
  3483 | D:12     | Noticed an efreet
  3491 | D:12     | You fall through a shaft for 3 floors!
  3491 | D:15     | Entered Level 15 of the Dungeon
  3592 | D:15     | Noticed a tengu warrior
  3608 | D:15     | Noticed a centaur zombie
  3618 | D:15     | Killed a centaur zombie
  3618 | D:15     | Reached XP level 10. HP: 56/62 MP: 14/14
  3641 | D:15     | Noticed a centaur warrior
  3662 | D:15     | Killed a centaur warrior
  3725 | D:15     | Noticed a salamander stormcaller
  3790 | D:15     | Noticed a wolf spider zombie
  3791 | D:15     | Noticed a centaur zombie
  3798 | D:15     | Killed a wolf spider zombie
  3798 | D:15     | Reached skill level 9 in Stealth
  3798 | D:15     | Reached skill level 5 in Shields
  3868 | D:15     | Noticed a deep elf priest
  4110 | D:14     | Found Qoreesch's Gadget Shoppe.
  4203 | D:14     | Reached XP level 11. HP: 42/67 MP: 15/15
  4240 | D:14     | Noticed Roxanne
  4295 | D:13     | Noticed an ice statue
  4397 | D:12     | Reached skill level 10 in Unarmed Combat
  4521 | D:14     | Noticed a hill giant
  4532 | D:14     | Killed a hill giant
  4564 | D:14     | Noticed an orc knight
  4564 | D:14     | Noticed a vault guard
  4636 | D:14     | Killed from afar by Roxanne

Vault maps used:
D:1:      shiori_arrival_oz, minmay_misc_feat_pillars, interstate_on_off
D:2:      nicolae_overflow_crystal_walls, bloody_makhleb
D:3:      cheibriados_altar_1, uniq_grinder
D:4:      vehumet_altar_wand_db, led_xom_imps, enter_ossuary_1, first_bread
D:6:      okawaru_metal_pillars_1_2, tso_metal_star, minivault_19,
          lightli_orcish_oven
D:7:      led_sif_pool, minmay_temple_entry_grid
D:8:      erik_lair_orcish_takeover, basic_altar, hangedman_ranch,
          item_on_display_a
D:9:      nicolae_overflow_hidden_temple, kennysheep_mini, lemuel_crystal_altar,
          minitemple, uniq_pikel
D:10:     lemuel_insect_pit, orc_0_dummy, basic_altar
D:11:     serial_co_window_serial, co_window_corner_a, co_window_paths_b,
          co_window_corner_a, co_window_paths_b, co_window_paths_a,
          co_window_corner_b, co_window_cross_4, co_window_unsneaky_path_b,
          glass_columns_a, uniq_harold
D:12:     portal_ice_cave_entry_imps, enter_trove_6, kennysheep_generic_room_6,
          uniq_azrael
D:13:     minmay_expanding_circles, minmay_statue_bubble
D:14:     grunt_vaults_entry_fortified, kennysheep_pointless_box, serial_shops,
          shop, uniq_nessos, uniq_roxanne, uniq_kirke
D:15:     grunt_enter_depths_giant_problem, nicolae_ashenzari_panopticon,
          uniq_agnes
Ossuary:  ossuary_tomb_3

Action                   |  1- 3 |  4- 6 |  7- 9 | 10-12 || total
-------------------------+-------+-------+-------+-------++-------
Melee: Unarmed           |    37 |   115 |   194 |   107 ||   453
Throw: Javelin           |       |       |    25 |     3 ||    28
Invok: Temporal Distorti |       |       |     1 |     1 ||     2
       Slouch            |       |       |       |     3 ||     3
  Use: Potion            |     1 |     1 |     1 |     4 ||     7
       Scroll            |       |    12 |     7 |     6 ||    25
 Stab: Sleeping          |     1 |    10 |    13 |     5 ||    29
       Distracted        |       |     1 |       |       ||     1
  Eat: Chunk             |       |       |     2 |       ||     2
       Fruit             |       |       |     1 |     4 ||     5
       Pizza             |       |       |     1 |       ||     1
       Beef jerky        |       |       |       |     1 ||     1
